 Dungeon Crawl Stone Soup version 0.20-a0-1006-ge6c5631 (webtiles) character file.

113 Murumi the Sneak (level 4, -9/38 HPs)
             Began as a Naga Enchanter on Apr 13, 2017.
             Mangled by MirrMurr's ghost (10 damage)
             ... on level 3 of the Dungeon.
             The game lasted 00:09:57 (2385 turns).

Murumi the Sneak (Naga Enchanter)                   Turns: 2385, Time: 00:09:57

Health: -9/38      AC:  3    Str: 10    XL:     4   Next: 96%
Magic:  2/7        EV: 15    Int: 16    God:
Gold:   139        SH:  0    Dex: 12    Spells: 2/7 levels left

rFire    . . .     SeeInvis +   a - +2 dagger
rCold    . . .     Gourm    .   (no shield)
rNeg     . . .     Faith    .   n - +1 robe (curse)
rPois    +         Spirit   .   (no helmet)
rElec    .         Reflect  .   (no cloak)
rCorr    .         Harm     .   (no gloves)
MR       .....                  (no barding)
Stlth    ++++......             (no amulet)
Regen    0.2/turn               k - +5 ring of evasion
MPRegen  0.1/turn               (no ring)

@: very slightly contaminated, hasted, quick
A: see invisible, deformed body, poison resistance, slowness 2, slow metabolism
1, spit poison 1, AC +1
a: Spit Poison


You were on level 3 of the Dungeon.
You were not hungry.

You visited 1 branch of the dungeon, and saw 3 of its levels.

You collected 139 gold pieces.

Inventory:

Hand Weapons
 a - a +2 dagger (weapon)
Armour
 n - a cursed +1 robe (worn)
Jewellery
 k - a +5 ring of evasion (left hand)
Scrolls
 b - a scroll of amnesia
 e - a scroll of magic mapping
 g - 2 scrolls of identify
 h - 3 scrolls of teleportation
 j - 2 scrolls of recharging
 l - a scroll of enchant weapon
Potions
 o - a potion of cancellation
Books
 c - a book of Maledictions

   Spells                             Type                      Level
   a - Corona                         Hexes                        1
   b - Ensorcelled Hibernation        Hexes/Ice                    2
   c - Confuse                        Hexes                        3
   d - Tukima's Dance                 Hexes                        3
   e - Dazzling Spray                 Conjuration/Hexes            3
Comestibles
 d - 3 bread rations
 f - a meat ration
 p - a chunk of flesh


   Skills:
 - Level 1.0 Fighting
 - Level 1.0 Short Blades
 - Level 2.0 Dodging
 + Level 7.7 Stealth
 - Level 2.0 Spellcasting
 - Level 3.0 Hexes


You had 2 spell levels left.
You knew the following spells:

 Your Spells              Type           Power        Failure   Level  Hunger
b - Ensorcelled Hibernat  Hex/Ice        #.....       17%         2    ###....
c - Confuse               Hex            ##......     17%         3    ###....


Dungeon Overview and Level Annotations

Branches:
Dungeon (3/15)

Altars:

Annotations:
D:3 MirrMurr's ghost, weakling DsGl


Innate Abilities, Weirdness & Mutations

You cannot wear boots.
Your serpentine skin is tough. (AC +1)
You have supernaturally acute eyesight. (SInv)
Armour fits poorly on your strangely shaped body.
Your system is resistant to poisons. (rPois)
You cover ground very slowly.
You have a slow metabolism.
You can spit poison.


Message History

Casting: Confuse
Confirm with . or Enter, or press ? or * to list all spells.
Okay, then.
You feel yourself speed up. MirrMurr's ghost misses you.
You hit MirrMurr's ghost.
MirrMurr's ghost is severely damaged.
MirrMurr's ghost hits you but does no damage.
You hit MirrMurr's ghost but do no damage.
MirrMurr's ghost is severely damaged.
MirrMurr's ghost barely misses you.
You hit MirrMurr's ghost but do no damage.
MirrMurr's ghost is severely damaged.
You hit MirrMurr's ghost but do no damage.
MirrMurr's ghost is severely damaged.
MirrMurr's ghost hits you!
* * * LOW HITPOINT WARNING * * *
You hit MirrMurr's ghost.
MirrMurr's ghost is almost destroyed.
MirrMurr's ghost hits you!
You die...

#########
###########.......#
......[...........######
##########..............
########.#........####.. .
..<......#.#####...........
##.#####.#.# #@#.###.....
##(# #.# #W#.)....... )..#
#.#######.####.... ####
.......<.......... ....
#.#.###########.# #### ..


You could see MirrMurr's ghost.

Vanquished Creatures
  2 adders (D:2)
  3 gnolls (D:2)
  2 worms (D:2)
  A dart slug (D:1)
  9 leopard geckos
  2 ball pythons (D:1)
  3 giant cockroaches (D:1)
  4 goblins
  5 hobgoblins
  5 kobolds
  6 bats
  A frilled lizard (D:1)
  6 rats
49 creatures vanquished.

Notes
Turn   | Place    | Note
-------+----------+-------------------------------------------
     0 | D:1      | Murumi the Naga Enchanter began the quest for the Orb.
     0 | D:1      | Reached XP level 1. HP: 15/15 MP: 3/3
    57 | D:1      | Reached XP level 2. HP: 15/22 MP: 5/5
    97 | D:1      | Learned a level 2 spell: Ensorcelled Hibernation
   198 | D:1      | Reached skill level 5 in Stealth
   554 | D:1      | Reached skill level 1 in Fighting
   693 | D:1      | Reached XP level 3. HP: 30/31 MP: 6/6
   867 | D:1      | Learned a level 3 spell: Confuse
  1181 | D:2      | Reached skill level 6 in Stealth
  1309 | D:2      | Reached XP level 4. HP: 20/38 MP: 1/7
  1753 | D:2      | Reached skill level 7 in Stealth
  2348 | D:3      | Noticed MirrMurr's ghost (weakling DsGl)
  2384 | D:3      | HP: 1/38 [MirrMurr's ghost (10)]
  2385 | D:3      | Mangled by MirrMurr's ghost

Vault maps used:
D:1:      tarquinn_simple_flora_water_c, minmay_misc_feat_pillars
D:2:      kennysheep_generic_room_7
D:3:      first_bread, uniq_purgy

Skill      XL: |  1  2  3  4 |
---------------+-------------+-----
Dodging        | 2 |  2.0
Stealth        | 5 6 7 |  7.7
Fighting       | 1 |  1.0
Short Blades   | |  1.0
Spellcasting   | |  2.0
Hexes          | |  3.0

Action                   |  1- 3 |  4- 6 || total
-------------------------+-------+-------++-------
Melee: Dagger            |    81 |    50 ||   131
 Cast: Ensorcelled Hiber |     3 |     5 ||     8
       Confuse           |       |     1 ||     1
 Abil: Spit Poison       |    19 |    10 ||    29
  Use: Scroll            |     5 |     4 ||     9
       Potion            |       |     2 ||     2
 Stab: Sleeping          |     8 |     5 ||    13
       Confused          |       |     1 ||     1
  Eat: Chunk             |     1 |     5 ||     6
Armor: Robe              |    22 |     3 ||    25
Dodge: Dodged            |    66 |    33 ||    99
